 Dungeon Crawl Stone Soup version 0.22.0-60-ga52c2fc (webtiles) character file.

207 Anon1729 the Chopper (level 5, -8/46 HPs)
             Began as a Naga Gladiator on Sept 9, 2018.
             Mangled by a wyvern (11 damage)
             ... on level 4 of the Dungeon.
             The game lasted 00:03:33 (3240 turns).

Anon1729 the Chopper (Naga Gladiator)               Turns: 3240, Time: 00:03:34

Health: -8/46      AC:  5    Str: 16    XL:     5   Next: 85%
Magic:  5/5        EV: 10    Int:  9    God:
Gold:   110        SH:  0    Dex: 13    Spells: 4/4 levels left

rFire    . . .     SeeInvis +   a - +0 war axe
rCold    + . .     Gourm    .   (no shield)
rNeg     . . .     Faith    .   j - +1 leather armour {rC+}
rPois    +         Spirit   .   c - +0 helmet
rElec    .         Reflect  .   (no cloak)
rCorr    .         Harm     .   (no gloves)
MR       .....                  (no barding)
Stlth    ++........             (no amulet)
HPRegen  0.15/turn              (no ring)
MPRegen  0.09/turn              (no ring)

@: very slow
A: large, see invisible, deformed body, poison resistance, slowness 2, slow
metabolism 1, spit poison 1, AC +1
a: Spit Poison


You were on level 4 of the Dungeon.
You were not hungry.

You visited 1 branch of the dungeon, and saw 5 of its levels.

You collected 110 gold pieces.

Inventory:

Hand Weapons
 a - a +0 war axe (weapon)
Missiles
 d - 4 throwing nets (quivered)
Armour
 b - a +0 leather armour
 c - a +0 helmet (worn)
 j - a +1 leather armour of cold resistance (worn)
Jewellery
 e - a +3 ring of dexterity {unknown}
Wands
 t - a wand of flame (16)
Scrolls
 h - a scroll of enchant armour {unknown}
 i - 3 scrolls of remove curse {unknown}
 k - 2 scrolls of teleportation {unknown}
 m - a scroll of identify {unknown}
 n - a scroll of amnesia {unknown}
 p - a scroll of enchant weapon {unknown}
 q - a scroll of noise {unknown}
 r - a scroll of random uselessness {unknown}
Potions
 g - 3 potions of curing {unknown}
 l - a potion of heal wounds {unknown}
 o - 2 potions of agility {unknown}
 s - a potion of brilliance {unknown}
Comestibles
 f - 11 rations
 u - 8 chunks of flesh


   Skills:
 + Level 2.6 Fighting
 + Level 4.4 Axes
 + Level 1.9 Throwing
 + Level 1.9 Armour
 + Level 3.2 Dodging
 + Level 1.8 Stealth


You had 4 spell levels left.
You didn't know any spells.
Your spell library was empty.

Dungeon Overview and Level Annotations

Branches:
Dungeon (5/15)
 Temple: D:4-7

Altars:
Dithmenos
Elyvilon
Hepliaklqana
Makhleb
Sif Muna
The Shining One


Innate Abilities, Weirdness & Mutations

You cannot wear boots.
Your serpentine skin is tough. (AC +1)
You have supernaturally acute eyesight. (SInv)
Armour fits poorly on your strangely shaped body.
Your system is resistant to poisons. (rPois)
You cover ground very slowly.
You have a slow metabolism.
You can spit poison.


Message History

Unknown command.
The wyvern barely misses you. The wyvern bites you!
* * * LOW HITPOINT WARNING * * *
Found a stone staircase leading down.
Unknown command.
Unknown command.
Okay, then.
Unknown command.
Unknown command.
Unknown command.
You hit the wyvern.
The wyvern is heavily wounded.
You have got your breath back.
The wyvern closely misses you. x2
You hit the wyvern.
The wyvern is severely wounded.
The wyvern looks more healthy.
The wyvern closely misses you. The wyvern bites you!
You die...

##..... .# ...#.#
.# ..#.## #.##
.... ...# ...
..%###. #[#
>...... #.
#.###...# .
#)÷l@...#
#.#.)##...##
#####.#...........
......%.......####
####..........#
#..........#####
#####.###.......
...###.###...##
#............##


You could see a wyvern.

Vanquished Creatures
  A hound (D:4)
  A worker ant (D:4)
  3 gnolls (D:2)
  4 adders
  An ooze (D:3)
  2 worms (D:2)
  2 dart slugs
  4 leopard geckos
  3 orcs (D:4)
  A ball python (D:1)
  2 giant cockroaches
  3 goblins
  6 hobgoblins
  4 jackals
  6 kobolds
  12 bats
  2 frilled lizards (D:2)
  A leopard gecko skeleton (D:4)
  9 rats
67 creatures vanquished.

Notes
Turn   | Place    | Note
-------+----------+-------------------------------------------
     0 | D:1      | Anon1729 the Naga Gladiator began the quest for the Orb.
     0 | D:1      | Reached XP level 1. HP: 19/19 MP: 1/1
    29 | D:1      | Reached XP level 2. HP: 5/26 MP: 2/2
   805 | D:1      | Reached XP level 3. HP: 30/32 MP: 3/3
  1321 | D:2      | Reached skill level 1 in Armour
  1745 | D:2      | Found a shadowy altar of Dithmenos.
  1751 | D:2      | Reached XP level 4. HP: 35/39 MP: 4/4
  2279 | D:2      | Found a glowing golden altar of the Shining One.
  2287 | D:2      | Found a white marble altar of Elyvilon.
  2304 | D:2      | Found a deep blue altar of Sif Muna.
  2312 | D:2      | Found a burning altar of Makhleb.
  2376 | D:2      | Reached skill level 1 in Stealth
  2585 | D:3      | Reached skill level 4 in Axes
  2613 | D:3      | Reached XP level 5. HP: 45/46 MP: 5/5
  2760 | D:3      | You fall through a shaft for 2 floors!
  2760 | D:5      | Entered Level 5 of the Dungeon
  2774 | D:5      | Noticed a sky beast
  3029 | D:4      | Found a hazy altar of Hepliaklqana.
  3231 | D:4      | Noticed a wyvern
  3240 | D:4      | Mangled by a wyvern

Skill      XL: |  1  2  3  4 |
---------------+-------------+-----
Dodging        | 3 |  3.2
Armour         | 1 |  1.9
Stealth        | 1 |  1.8
Axes           | 4 |  4.4
Fighting       | |  2.6
Throwing       | |  1.9

Action                   |  1- 3 |  4- 6 || total
-------------------------+-------+-------++-------
Melee: War axe           |   107 |   106 ||   213
 Abil: Spit Poison       |     4 |     9 ||    13
 Stab: Sleeping          |     2 |     1 ||     3
       Distracted        |       |     2 ||     2
  Eat: Chunk             |     2 |     4 ||     6
Armor: Leather armour    |    48 |    57 ||   105
Dodge: Dodged            |    94 |    87 ||   181
